 Dungeon Crawl Stone Soup version 0.28.0-43-g3370ac3207 (webtiles) character file.

Game seed: 11235981802243925559

105 experimilk the Gusty (level 4, -1/24 HPs)
             Began as a Tengu Air Elementalist on Mar 14, 2022.
             Slain by a gnoll
             ... wielding a +0 spear
              (7 damage)
             ... on level 3 of the Dungeon.
             The game lasted 00:11:47 (5621 turns).

experimilk the Gusty (Tengu Air Elementalist)       Turns: 5621, Time: 00:11:48

Health: -1/24      AC:  3    Str:  8    XL:     4   Next: 83%
Magic:  1/8        EV: 12    Int: 17    God:
Gold:   57         SH:  0    Dex: 15    Spells: 1/7 levels left

rFire   + . .      SeeInvis .   j - +0 hand axe (vorpal)
rCold   . . .      Faith    .   (no shield)
rNeg    . . .      Spirit   .   a - +0 robe
rPois   .          Reflect  .   (helmet restricted)
rElec   .          Harm     .   h - +0 cloak
rCorr   .          Rampage  .   (no gloves)
Will    .....                   (boots unavailable)
Stlth   ++........              f - amulet of magic regeneration
HPRegen 0.08/turn               d - ring of protection from fire
MPRegen 0.51/turn               (no ring)

@: swift, very slightly contaminated, quick
A: beak, talons 3
a: no special abilities


You were on level 3 of the Dungeon.
You visited 1 branch of the dungeon, and saw 3 of its levels.

You collected 57 gold pieces.

Inventory:

Hand Weapons
 c - a +0 flail
 e - a +4 antimagic short sword
 j - a +0 vorpal hand axe (weapon)
Armour
 a - a +0 robe (worn)
 h - a +0 cloak (worn)
Jewellery
 d - a ring of protection from fire (left hand)
 f - an amulet of magic regeneration (around neck)
Scrolls
 b - 2 scrolls of fog
 g - 2 scrolls of fear
 k - a scroll of noise {unknown}
Potions
 i - 2 potions of flight


   Skills:
 + Level 0.1 Fighting
 + Level 2.2 Dodging
 - Level 2.0 Stealth
 + Level 2.0 Spellcasting
 - Level 1.3 Conjurations
 * Level 7.0 Air Magic


You had one spell level left.
You knew the following spells:

 Your Spells              Type           Power      Damage    Failure   Level
a - Shock                 Conj/Air       64%        1d7       3%          1
b - Static Discharge      Conj/Air       16%        N/A       5%          2
c - Swiftness             Air            25%        N/A       3%          3

Your spell library contained the following spells:

 Spells                   Type           Power      Damage    Failure   Level
 Airstrike                Air            12%        N/A       11%         4
 Ensorcelled Hibernation  Hex/Ice        2%         N/A       28%         2
 Spider Form              Tmut/Pois      1%         N/A       50%         3
 Anguish                  Hex/Necr       0%         N/A       88%         4


Dungeon Overview and Level Annotations

Branches:
Dungeon (3/15)

Altars:

Annotations:
D:2 Natasha


Innate Abilities, Weirdness & Mutations

You have a beak for a mouth.
You have claws for feet.


Message History

The gnoll shaman calls down the wrath of its god upon you.
You resist with some effort.
Things that are here:
a +0 club; 17 stones; a kobold corpse You hit the gnoll shaman.
You claw the gnoll shaman, but do no damage.
The gnoll shaman is lightly wounded.
The gnoll shaman closely misses you.
Casting: Static Discharge (safe; 5% risk of failure)
Confirm with . or Enter, or press ? or * to list all spells.
The gnoll shaman is struck by an arc of lightning.
The gnoll shaman is moderately wounded.
The gnoll is struck by an arc of lightning.
The gnoll is heavily wounded.
The lightning grounds out.
The gnoll hits you from afar with a +0 spear.
The gnoll shaman hits you with a +0 whip!
Casting: Static Discharge (safe; 5% risk of failure)
Confirm with . or Enter, or press ? or * to list all spells.
The gnoll shaman is struck by an arc of lightning.
The gnoll shaman is severely wounded.
You are struck by an arc of lightning.
The lightning grounds out.
The gnoll closely misses you.
The gnoll shaman hits you with a +0 whip.
Casting: Static Discharge (safe; 5% risk of failure)
Confirm with . or Enter, or press ? or * to list all spells.
You miscast Static Discharge.
You are very lightly contaminated with residual magic.
Nothing appears to happen.
The gnoll hits you from afar with a +0 spear.
* * * LOW HITPOINT WARNING * * *
The gnoll shaman misses you.
Casting: Static Discharge (safe; 5% risk of failure)
Confirm with . or Enter, or press ? or * to list all spells.
The spell is quite dangerous to miscast (3% risk of failure)!
Continue anyway? [Y]es or [N]o only, please.
The spell is quite dangerous to miscast (3% risk of failure)!
Continue anyway?
You feel quick.
The gnoll hits you from afar with a +0 spear!
You die...

#.##..# #.##..#
#.##..#######
########.##.........
.####...g....###.######
gg......g..).gg#.#
.####.####.###g#.# ..
#.# #g#.# ## #.# #@#.#
#.# #.#.# #.#
#.#.####### ..#
#.(........ ###
#.#........ #.#########
#.# ..# #.#


You could see a gnoll shaman and 3 gnolls.

Vanquished Creatures
  Natasha (D:2)
  4 adders (D:2)
  2 dart slugs
  2 ball pythons
  An endoplasm (D:2)
  3 giant cockroaches
  4 goblins
  5 hobgoblins
  6 kobolds
  2 quokkas
  3 bats
  4 rats
37 creatures vanquished.

Notes
Turn   | Place    | Note
-------+----------+-------------------------------------------
     0 | D:1      | experimilk the Tengu Air Elementalist began the quest for
                  | the Orb.
     0 | D:1      | Reached XP level 1. HP: 10/10 MP: 4/4
  2573 | D:1      | Reached XP level 2. HP: 15/15 MP: 3/6
  2768 | D:1      | Learned a level 2 spell: Static Discharge
  2801 | D:1      | Reached skill level 5 in Air Magic
  3138 | D:1      | Found a faded altar of an unknown god.
  3428 | D:1      | Reached XP level 3. HP: 19/19 MP: 4/7
  3560 | D:1      | Learned a level 3 spell: Swiftness
  4009 | D:2      | Reached skill level 6 in Air Magic
  4150 | D:2      | Noticed Natasha
  4155 | D:2      | Killed Natasha
  4156 | D:2      | Reached XP level 4. HP: 13/24 MP: 0/8
  4283 | D:2      | Noticed Natasha
  4772 | D:2      | Reached skill level 7 in Air Magic
  5621 | D:3      | Slain by a gnoll

Illustrated notes

Levels and vault maps discovered:
D:1:      heliophobic_arrival_enchanted_forest, layout_basic,
          hellmonk_ecumenical_altar_inner_sanctum
D:2:      layout_loops_ring, uniq_natasha
D:3:      layout_loops_ring, pdpol_temple_overflow_zin_treasury_gozag_greed

Skill      XL: |  1  2  3  4 |
---------------+-------------+-----
Air Magic      | 5 6 7 |  7.0
Fighting       | |  0.1
Dodging        | |  2.2
Stealth        | |  2.0
Spellcasting   | |  2.0
Conjurations   | |  1.3

Action                   |  1- 3 |  4- 6 || total
-------------------------+-------+-------++-------
Melee: Flail             |     5 |     8 ||    13
       Peck              |     2 |     2 ||     4
       Kick              |     1 |     2 ||     3
       Hand axe          |       |     1 ||     1
 Cast: Shock             |    43 |    14 ||    57
       Static Discharge  |     6 |     8 ||    14
       Swiftness         |       |     1 ||     1
  Use: Scroll            |       |     4 ||     4
Armor: Robe              |     3 |     3 ||     6
Dodge: Dodged            |     9 |    10 ||    19
